 Dungeon Crawl Stone Soup version 0.24-a0-615-g751f86b5a9 (webtiles) character file.

Game seed: 9813292572542781107, levelgen mode: deterministic

27 2BsUSBport the Poker (level 3, -1/51 HPs)
             Began as a Naga Berserker on Sept 13, 2019.
             Was a Follower of Trog.
             Slain by a jackal (2 damage)
             ... on level 2 of the Dungeon.
             The game lasted 00:02:58 (1277 turns).

2BsUSBport the Poker (Naga Berserker)               Turns: 1277, Time: 00:02:59

Health: -1/51      AC:  1    Str: 24    XL:     3   Next: 10%
Magic:  3/3        EV: 10    Int:  7    God:    Trog [*.....]
Gold:   73         SH:  0    Dex: 11    Spells: 2/2 levels left

rFire    . . .     SeeInvis +   a - +0 spear
rCold    . . .     Gourm    .   (no shield)
rNeg     . . .     Faith    .   (no armour)
rPois    +         Spirit   .   (no helmet)
rElec    .         Reflect  .   (no cloak)
rCorr    .         Harm     .   (no gloves)
MR       .....                  (no barding)
Stlth    ..........             (no amulet)
HPRegen  0.17/turn              (no ring)
MPRegen  0.08/turn              (no ring)

@: berserking (expiring), quick
A: large, see invisible, deformed body, poison resistance, slowness 2, slow
metabolism 1, spit poison 1, AC +1
a: Spit Poison, Berserk, Renounce Religion


You were on level 2 of the Dungeon.
You worshipped Trog.
Trog was aware of your devotion.
You were not hungry.

You visited 1 branch of the dungeon, and saw 2 of its levels.

You collected 73 gold pieces.

Inventory:

Hand Weapons
 a - a +0 spear (weapon)
Jewellery
 d - a +6 ring of dexterity {unknown}
Scrolls
 b - 2 scrolls of remove curse {unknown}
 g - 2 scrolls of teleportation {unknown}
 h - a scroll of identify {unknown}
 k - a scroll of random uselessness {unknown}
Potions
 e - a potion of cancellation {unknown}
 f - a potion of curing {unknown}
 i - a potion of invisibility {unknown}
 j - a potion of magic {unknown}
Comestibles
 c - a ration


   Skills:
 + Level 3.1 Fighting
 + Level 3.7 Polearms
 - Level 1.5 Armour
 * Level 2.0 Dodging


You had 2 spell levels left.
You didn't know any spells.
Your spell library was empty.

Dungeon Overview and Level Annotations

Branches:
Dungeon (2/15)

Altars:


Innate Abilities, Weirdness & Mutations

You cannot wear boots.
Your serpentine skin is tough. (AC +1)
You have supernaturally acute eyesight. (SInv)
Armour fits poorly on your strangely shaped body.
Your system is resistant to poisons. (rPois)
You cover ground very slowly.
You have a slow metabolism.
You can spit poison.


Message History

* * * LOW HITPOINT WARNING * * *
You closely miss the frilled lizard. The jackal misses you.
The jackal bites you.
* * * LOW HITPOINT WARNING * * *
The frilled lizard bites you but does no damage.
You closely miss the frilled lizard. The quokka bites you.
* * * LOW HITPOINT WARNING * * *
The jackal barely misses you.
You puncture the frilled lizard!
You kill the frilled lizard!
Trog accepts your kill. The jackal misses you.
The quokka bites you but does no damage.
The jackal barely misses you.
You closely miss the jackal. The jackal bites you.
* * * LOW HITPOINT WARNING * * *
The quokka bites you.
* * * LOW HITPOINT WARNING * * *
The jackal bites you.
You die... ##.# .# ...###.#. #........ #........ ##........ hK.......

#hr.....(
+@†.....%
#.h...<..
#.####+#.
#.# ### #.#
##.# #.#
#<.# #.#
##.#######.#
#.........#


You could see a quokka, 3 jackals and a kobold.

Vanquished Creatures
  An ooze (D:1)
  2 dart slugs (D:1)
  2 bats (D:1)
  A giant cockroach (D:2)
  2 goblins (D:1)
  2 hobgoblins
  3 jackals
  A ball python (D:1)
  3 frilled lizards
  A kobold (D:1)
18 creatures vanquished.

Notes
Turn   | Place    | Note
-------+----------+-------------------------------------------
     0 | D:1      | 2BsUSBport the Naga Berserker began the quest for the Orb.
     0 | D:1      | Reached XP level 1. HP: 21/21 MP: 1/1
   526 | D:1      | Reached XP level 2. HP: 25/28 MP: 2/2
  1254 | D:2      | Reached XP level 3. HP: 34/34 MP: 3/3
  1277 | D:2      | HP: 1/51 [quokka (2)]
  1277 | D:2      | Slain by a jackal

Levels and vault maps discovered:
D:1:      dpeg_arrival_round_b, layout_loops_ring
D:2:      layout_basic, first_ration, minmay_tall_x

Skill      XL: |  1  2 |
---------------+-------+-----
Dodging        | 2 |  2.0
Fighting       | |  3.1
Polearms       | |  3.7
Armour         | |  1.5

Action                   || total
-------------------------++-------
Melee: Spear             ||    70
Invok: Berserk           ||     2
  Eat: Ration            ||     1
Armor: Skin              ||     5
Dodge: Dodged            ||    36

Table legend:
 A = Non-vault XP
 B = Vault XP
 C = Vault XP percentage of total XP
 D = Non-vault monster count
 E = Vault monster count
 F = Vault count percentage of total count
                 A         B        C        D         E       F
            +---------+---------+-------+---------+---------+-------
      Total |      36 |       3 |   7.7 |      16 |       2 |  11.1
            +---------+---------+-------+---------+---------+-------
        D:1 |      32 |       0 |   0.0 |      14 |       0 |   0.0
        D:2 |       4 |       3 |  42.9 |       2 |       2 |  50.0
            +---------+---------+-------+---------+---------+-------
